 Dungeon Sprint DCSS version 0.21-a0-434-g806c6c2 (webtiles) character file.

607 theanonym the Carver (level 7, -7/64 HPs)
             Began as a Deep Dwarf Fighter on Nov 8, 2017.
             Was an Initiate of Makhleb.
             Mangled by Sonja
             ... wielding a +1 short sword of venom
              (8 damage)
             ... in the Dungeon (Sprint I: "Red Sonja").
             The game lasted 00:03:45 (294 turns).

theanonym the Carver (Deep Dwarf Fighter)            Turns: 294, Time: 00:03:45

Health: -7/64      AC:  7    Str: 21    XL:     7   Next: 19%
Magic:  5/5        EV:  8    Int:  9    God:    Makhleb [......]
Gold:   16         SH:  9    Dex: 12    Spells: 6/6 levels left

rFire    . . .     SeeInvis .   a - +0 long sword
rCold    . . .     Gourm    .   c - +0 shield
rNeg     . . .     Faith    .   k - +0 scale mail
rPois    .         Spirit   .   (no helmet)
rElec    .         Reflect  .   (no cloak)
rCorr    .         Harm     .   (no gloves)
MR       +....     NoTele   +   (no boots)
Stlth    ..........             (no amulet)
HPRegen  0.00/turn              (no ring)
MPRegen  0.09/turn              (no ring)

@: lethally poisoned (-7 -> -117), berserk cooldown, non-regenerating, hasted
and slowed
A: damage resistance, heal wounds, sense surroundings 1, no regeneration
a: Heal Wounds, Renounce Religion


Innate Abilities, Weirdness & Mutations

You are resistant to damage.
You can heal yourself by infusing magical energy.
You passively map a small area around you.
You do not regenerate.


   Skills:
 * Level 4.1 Fighting
 - Level 14.1 Long Blades
 + Level 4.2 Armour
 + Level 2.2 Dodging
 + Level 4.2 Shields


You had 6 spell levels left.
You didn't know any spells.

Skill      XL: |  1  2  3  4  5  6 |
---------------+-------------------+-----
Long Blades    | 6 9 12 13 14 | 14.1
Fighting       | 4 |  4.1
Armour         | 4 |  4.2
Dodging        | 2 |  2.2
Shields        | 4 |  4.2

Action                   |  1- 3 |  4- 6 |  7- 9 || total
-------------------------+-------+-------+-------++-------
Melee: Long sword        |    32 |    61 |    15 ||   108
 Abil: Heal Wounds       |       |    11 |     2 ||    13
  Use: Potion            |     1 |     1 |     4 ||     6
       Scroll            |       |     2 |       ||     2
Armor: Scale mail        |    13 |     3 |    18 ||    34
Dodge: Dodged            |    10 |     8 |    14 ||    32
Block: Shield            |    12 |    14 |    16 ||    42
       Rpst.: Long sword |     3 |     3 |     2 ||     8

Inventory:

Hand Weapons
 a - a +0 long sword (weapon)
Armour
 c - a +0 shield (worn)
 k - a +0 scale mail (worn)
Scrolls
 b - a scroll of blinking
Potions
 i - 2 potions of magic
Comestibles
 d - 5 chunks of flesh
 f - a bread ration

Dungeon Overview and Level Annotations

Branches:
Dungeon (1/1)

Altars:
Cheibriados
Dithmenos
Elyvilon
Fedhas
Gozag
Hepliaklqana
Kikubaaqudgha
Makhleb
Nemelex Xobeh
Okawaru
Qazlal
Ru
Sif Muna
Trog
Uskayaw
Vehumet
Wu Jian
Xom
Yredelemnul
Zin
The Shining One
Jiyva
Lugonu

Shops:
D !

Annotations:
D Sonja You were in the Dungeon. You worshipped Makhleb. Makhleb was noncommittal. You were not hungry. You visited 1 branch You collected 81 gold pieces. You spent 65 gold pieces at shops.


Message History

You regained 19 hp, and now have 44/64 hp.
Unknown command.
Unknown command.
Unknown command.
Unknown command.
Unknown command.
You feel very sick.
Sonja unwields an uncursed blowgun.
Sonja wields an uncursed short sword of venom.
It begins to drip with poison!
Sonja hits you but does no damage.
You are more poisoned.
Sonja hits you but does no damage. Sonja closely misses you.
You take 6 damage, and have 38/64 hp.
Unknown command.
Unknown command.
Unknown command.
Unknown command.
Unknown command.
Unknown command.
Unknown command.
Unknown command.
Unknown command.
Unknown command.
Unknown command.
Unknown command.
Unknown command.
Unknown command.
Unknown command.
Unknown command.
Unknown command.
Unknown command.
Unknown command.
Unknown command.
Unknown command.
Unknown command.
Unknown command.
Unknown command.
Unknown command.
Unknown command.
You miss Sonja.
* * * LOW HITPOINT WARNING * * *
You feel very sick.
Sonja shouts, "Some dancing partner you are!"
Sonja hits you but does no damage.
You are more poisoned.
You block Sonja's attack. Sonja closely misses you.
You take 6 damage, and have 32/64 hp.
Unknown command.
You miss Sonja.
* * * LOW HITPOINT WARNING * * *
You feel very sick. You block Sonja's attack.
Sonja hits you with an uncursed short sword of venom.
* * * LOW HITPOINT WARNING * * *
You are more poisoned.
You block Sonja's attack.
You take 8 damage, and have 24/64 hp.
Unknown command.
Unknown command.
Unknown command.
You miss Sonja.
* * * LOW HITPOINT WARNING * * *
You feel very sick.
Sonja shouts, "Some dancing partner you are!"
You block Sonja's attack.
Sonja hits you with an uncursed short sword of venom.
* * * LOW HITPOINT WARNING * * *
You are more poisoned.
Sonja hits you but does no damage.
You are more poisoned.
You take 7 damage, and have 17/64 hp.
Unknown command.
You miss Sonja.
* * * LOW HITPOINT WARNING * * *
You feel extremely sick. Sonja hits you but does no damage.
You are more poisoned.
Sonja hits you but does no damage.
You are more poisoned.
You block Sonja's attack.
You take 7 damage, and have 10/64 hp.
Unknown command.
Unknown command.
Unknown command.
Unknown command.
Unknown command.
Unknown command.
Unknown command.
Here: Sonja, wielding a short sword of venom (severely wounded, unusually agile)
The floor.
Unknown command.
Unknown command.
You fail to use your ability.
* * * LOW HITPOINT WARNING * * *
You feel extremely sick.
Sonja hits you with an uncursed short sword of venom.
You are more poisoned.
Sonja hits you but does no damage. You block Sonja's attack.
Sonja hits you with an uncursed short sword of venom!
You die...

###################### **
#<.#..)..#..'.$#__#$$+
#..'[.#..').#$.'..'.$#,
#..#####+#####'#__####,,,
#..###* ,#$$$#.####, * *
#..#__####$$##.# * ,
#..#_____##'#_.+§§§
#⌠⌠#_.∩K@((..._#≈§≈§,*,,
####_..__##_(#'##+##
#_____###'#$# ,
#######*#.### * * , +$.$+
+ + * #$.$# ** ##.## , ,
, , #+# + , , ,


You could see Sonja.

Notes
Turn   | Place    | Note
-------+----------+-------------------------------------------
     0 | D        | theanonym the Deep Dwarf Fighter began the quest for the Orb.
     0 | D        | Reached XP level 1. HP: 20/20 MP: 1/1
     1 | D        | Noticed Ijyb
    31 | D        | Killed Ijyb
    31 | D        | Reached skill level 6 in Long Blades
    31 | D        | Reached XP level 2. HP: 24/27 MP: 2/2
    34 | D        | Noticed an ogre
    37 | D        | HP: 9/27 [ogre/giant club (15)]
    38 | D        | Killed an ogre
    38 | D        | Reached skill level 9 in Long Blades
    38 | D        | Reached XP level 3. HP: 11/33 MP: 3/3
    38 | D        | Reached XP level 4. HP: 13/40 MP: 4/4
    43 | D        | Noticed Sigmund
    55 | D        | Killed Sigmund
    55 | D        | Reached skill level 12 in Long Blades
    55 | D        | Reached XP level 5. HP: 36/46 MP: 5/5
    64 | D        | Found a burning altar of Makhleb.
    64 | D        | Found a viscous altar of Jiyva.
    64 | D        | Found a shimmering altar of Xom.
    64 | D        | Found a corrupted altar of Lugonu.
    64 | D        | Noticed a slime creature
    70 | D        | HP: 11/46 [slime creature (17)]
    78 | D        | HP: 17/46 [slime creature (10)]
    80 | D        | HP: 7/46 [slime creature (10)]
    87 | D        | HP: 21/46 [slime creature (13)]
    88 | D        | Killed a slime creature
    88 | D        | Reached skill level 13 in Long Blades
    88 | D        | Reached XP level 6. HP: 25/55 MP: 6/6
    91 | D        | Became a worshipper of Makhleb the Destroyer
   102 | D        | Found an ornate altar of the Wu Jian Council.
   102 | D        | Found a deep blue altar of Sif Muna.
   104 | D        | Found a radiant altar of Vehumet.
   110 | D        | Reached skill level 14 in Long Blades
   125 | D        | Found Vaom's Distillery.
   125 | D        | Found an ancient bone altar of Kikubaaqudgha.
   125 | D        | Found a hazy altar of Hepliaklqana.
   125 | D        | Found a stormy altar of Qazlal.
   125 | D        | Found a hide-covered altar of Uskayaw.
   125 | D        | Found a blossoming altar of Fedhas.
   125 | D        | Found a bloodstained altar of Trog.
   125 | D        | Found an iron altar of Okawaru.
   125 | D        | Found a basalt altar of Yredelemnul.
   125 | D        | Found a glowing golden altar of the Shining One.
   125 | D        | Found a snail-covered altar of Cheibriados.
   125 | D        | Found a sacrificial altar of Ru.
   125 | D        | Found a glowing silver altar of Zin.
   125 | D        | Found a shadowy altar of Dithmenos.
   125 | D        | Found a white marble altar of Elyvilon.
   125 | D        | Noticed a yak
   130 | D        | HP: 27/55 [yak (2)]
   136 | D        | HP: 20/55 [yak (8)]
   141 | D        | HP: 20/55 [yak (13)]
   147 | D        | HP: 18/55 [yak (6)]
   157 | D        | Killed a yak
   157 | D        | Reached skill level 4 in Fighting
   157 | D        | Reached skill level 4 in Armour
   157 | D        | Reached skill level 2 in Dodging
   157 | D        | Reached skill level 4 in Shields
   157 | D        | Reached XP level 7. HP: 41/64 MP: 5/5
   158 | D        | Found an opulent altar of Gozag.
   250 | D        | Found a sparkling altar of Nemelex Xobeh.
   254 | D        | Bought a potion of heal wounds for 65 gold pieces
   265 | D        | Noticed Sonja
   281 | D        | HP: 48/96 [poisoned by Sonja]
   284 | D        | HP: 23/64 [poisoned by Sonja]
   290 | D        | HP: 32/64 [poisoned by Sonja]
   293 | D        | HP: 10/64 [poisoned by Sonja]
   294 | D        | HP: 1/64 [poisoned by Sonja]
   294 | D        | Mangled by Sonja

Vanquished Creatures
  A slime creature (D)
  Sigmund (D)
  A yak (D)
  An ogre (D)
  A jelly (D)
  Ijyb (D)
6 creatures vanquished.
